 Dungeon Crawl Stone Soup version 0.21.1-1-g345015fe64 (webtiles) character file.

738 masdan the Cleaver (level 7, 0/61 HPs)
             Began as a Hill Orc Fighter on May 10, 2018.
             Was a Believer of Trog.
             Killed by divine providence
             ... invoked by an orc priest
              (13 damage)
             ... on level 4 of the Dungeon.
             The game lasted 00:36:07 (3289 turns).

masdan the Cleaver (Hill Orc Fighter)               Turns: 3289, Time: 00:36:09

Health: 0/61       AC:  9    Str: 21    XL:     7   Next: 75%
Magic:  7/7        EV:  7    Int:  8    God:    Trog [**....]
Gold:   171        SH: 10    Dex: 10    Spells: 6/6 levels left

rFire    . . .     SeeInvis .   a - +0 war axe
rCold    . . .     Gourm    .   c - +0 shield
rNeg     . . .     Faith    .   b - +0 scale mail
rPois    .         Spirit   .   H - +0 helmet
rElec    .         Reflect  .   (no cloak)
rCorr    .         Harm     .   g - +0 pair of gloves (curse)
MR       .....                  (no boots)
Stlth    +.........             (no amulet)
HPRegen  0.20/turn              L - ring of stealth
MPRegen  0.10/turn              S - ring of wizardry

@: berserk cooldown, slowed, very slow
A: no striking features
a: Berserk, Trog's Hand, Burn Spellbooks, Renounce Religion, Convert to Beogh


You were on level 4 of the Dungeon.
You worshipped Trog.
Trog was pleased with you.
You were hungry.

You visited 1 branch of the dungeon, and saw 4 of its levels.

You collected 171 gold pieces.

Inventory:

Hand Weapons
 a - a +0 war axe (weapon)
 h - a +0 dagger
 i - a +0 hunting sling
 k - a +0 club
 p - a +0 mace
 q - a +1 dagger of protection
 u - a +0 club
 w - a +0 hand axe
 y - a +3 dagger
 z - a +0 dagger
 A - a +0 hunting sling
 E - a +0 dagger
 F - a +0 mace
 M - a +0 hand axe
 N - a +0 hunting sling
 P - a cursed -2 mace
 Q - a +0 dagger
 R - a +0 hunting sling
 T - a +0 club
 V - a +0 club
 Y - a +2 rapier of protection
Missiles
 v - 24 sling bullets
 B - 87 stones
 D - 5 tomahawks (quivered)
Armour
 b - a +0 scale mail (worn)
 c - a +0 shield (worn)
 g - a cursed +0 pair of gloves (worn)
 j - a +0 pair of gloves
 o - a +1 robe of cold resistance
 r - a +0 leather armour
 G - a +2 animal skin
 H - a +0 helmet (worn)
 O - a +0 leather armour
Jewellery
 L - a ring of stealth (left hand)
 S - a ring of wizardry (right hand)
Scrolls
 e - a scroll of amnesia {unknown}
 m - a scroll of enchant armour {unknown}
 n - 4 scrolls of remove curse {unknown}
 K - a scroll of fog {unknown}
 U - 2 scrolls of magic mapping {unknown}
 W - a scroll of random uselessness {unknown}
 X - a scroll of immolation {unknown}
Potions
 d - a potion of might
 l - 2 potions of mutation {unknown}
 s - a potion of heal wounds {unknown}
 t - 4 potions of brilliance {unknown}
 x - 2 potions of curing {unknown}
 J - a potion of lignification {unknown}
 Z - a potion of degeneration {unknown}
Comestibles
 f - 6 rations
 C - 3 chunks of flesh


   Skills:
 + Level 5.6 Fighting
 * Level 8.1 Axes
 + Level 4.7 Armour
 + Level 4.9 Shields


You had 6 spell levels left.
You didn't know any spells.

Dungeon Overview and Level Annotations

Branches:
Dungeon (4/15)
 Temple: D:4-7

Altars:
Cheibriados
Sif Muna
Trog


Message History

The orc priest is severely wounded.
The orc priest threatens, "By the altar or by the axe, you will meet Beogh!"
You slash the adder!
You kill the adder!
Trog accepts your kill. The orc priest hits you with a trident.
* * * LOW HITPOINT WARNING * * *
The orc priest hits you with a trident.
* * * LOW HITPOINT WARNING * * *
You closely miss the orc priest.
The orc priest is severely wounded.
The orc priest hits you but does no damage. x2
A gnoll comes into view. It is wielding a club.
You hit the orc priest but do no damage.
The orc priest shouts, "Join the one true god or die!"
The orc priest is severely wounded.
The gnoll moves out of view.
The orc priest mumbles some strange prayers to Beogh against you.
Beogh smites you!
You die...

#### #.... #### #..# #
####..... ...# #..#####.
.........
...###........##.....$..
...#........#...........
.....#.####... .......
...###.# # #.†.#
...##..# ###@o.#
...##.## .# #..)..#
####..# .# ##.##### #
#.####. #..# # #.# #..
##.## ## #.# #.###..#
.###.###.##..##
.......#.##.##
.###<....#..#


You could see an orc priest.

Vanquished Creatures
  The ghost of VanClaymore the Insei, an amateur OpTm (D:3)
  Sigmund (D:3)
  A howler monkey (D:4)
  A crimson imp (D:3)
  2 orc wizards (D:4)
  A hound (D:4)
  2 orc priests
  A bullfrog skeleton (D:4)
  Robin (D:2)
  6 adders
  2 worms
  2 dart slugs
  3 leopard geckos
  12 orcs
  2 ball pythons (D:1)
  9 bats
  6 giant cockroaches
  19 goblins
  4 hobgoblins
  4 jackals (D:3)
  A quokka (D:2)
  2 frilled lizards
  2 kobolds (D:3)
  3 rats (D:2)
88 creatures vanquished.

Notes
Turn   | Place    | Note
-------+----------+-------------------------------------------
     0 | D:1      | masdan the Hill Orc Fighter began the quest for the Orb.
     0 | D:1      | Reached XP level 1. HP: 19/19 MP: 1/1
   291 | D:1      | Reached skill level 3 in Axes
   291 | D:1      | Reached XP level 2. HP: 25/27 MP: 2/2
   874 | D:2      | Reached XP level 3. HP: 33/33 MP: 3/3
   930 | D:2      | Found a bloodstained altar of Trog.
   948 | D:2      | Became a worshipper of Trog the Wrathful
   985 | D:2      | Found a deep blue altar of Sif Muna.
   985 | D:2      | Noticed Robin
  1005 | D:2      | Reached skill level 4 in Axes
  1014 | D:2      | Killed Robin
  1154 | D:2      | Reached XP level 4. HP: 40/40 MP: 4/4
  1307 | D:2      | Reached * piety under Trog
  1315 | D:2      | Reached skill level 5 in Axes
  1661 | D:2      | Reached XP level 5. HP: 34/47 MP: 5/5
  2048 | D:3      | Found a faded altar of an unknown god.
  2274 | D:3      | Noticed VanClaymore's ghost (amateur OpTm)
  2294 | D:3      | Killed VanClaymore's ghost
  2294 | D:3      | Reached skill level 5 in Fighting
  2294 | D:3      | Reached skill level 6 in Axes
  2294 | D:3      | Reached XP level 6. HP: 27/56 MP: 6/6
  2983 | D:3      | Noticed Sigmund
  3028 | D:3      | Killed Sigmund
  3028 | D:3      | Reached skill level 7 in Axes
  3028 | D:3      | Reached XP level 7. HP: 61/61 MP: 7/7
  3141 | D:4      | Found a snail-covered altar of Cheibriados.
  3179 | D:4      | Reached ** piety under Trog
  3279 | D:4      | Reached skill level 8 in Axes
  3289 | D:4      | Killed from afar by an orc priest

Skill      XL: |  1  2  3  4  5  6  7 |
---------------+----------------------+-----
Axes           | 3 4 5 6 7 8 |  8.1
Fighting       | 4 5 |  5.6
Armour         | 4 |  4.7
Shields        | 4 |  4.9

Action                   |  1- 3 |  4- 6 |  7- 9 || total
-------------------------+-------+-------+-------++-------
Melee: War axe           |    91 |   142 |    47 ||   280
       Hunting sling     |     3 |       |       ||     3
Invok: Berserk           |       |     2 |     1 ||     3
  Use: Scroll            |     1 |       |       ||     1
  Eat: Chunk             |     1 |     6 |     3 ||    10
Armor: Scale mail        |    61 |    57 |    27 ||   145
Dodge: Dodged            |    36 |    42 |    19 ||    97
Block: Shield            |    65 |    86 |    33 ||   184
